Match 44836038
Unlisted

Match 44836038
End
Construct Barracks
Scout Squad
Selects Heavy Weapons
Riflemen Squad
Riflemen Squad
Riflemen Squad
Grenade Package
Mechanized Support Center
Construct Medical Station
Construct Motor Pool
Selects Assault Carriers
Selects Exchangeable Parts
M16 Multiple Gun Motor Carriage
M16 Multiple Gun Motor Carriage
Improvised Armor
Selects M2HB .50cal Heavy Machine Gun
Engineer Squad
Designate Forward Repair Station
Riflemen Squad
Engineer Squad
M8 Greyhound Armored Car
Rapid Repairs
Riflemen Squad
Designate Forward Repair Station
Salvage Crew
Engineer Squad
M1918 Browning Automatic Rifles
Riflemen Squad
Selects M26 Pershing Heavy Tank
M26 Pershing Heavy Tank
Max1boy
SneaKerz
Grenadier93
israelus222
0
0

Comments sign in to comment!

No comments posted yet!